 Dungeon Crawl Stone Soup version 0.30-a0-390-g80c34de65d (webtiles) character file.

Game seed: 4680233662365175043

1525 Conn the Sneak (level 8, -7/47 (48) HPs)
             Began as an Octopode Fire Elementalist on Dec 4, 2022.
             Was a Follower of Sif Muna.
             Mangled by a wight
             ... wielding a +3 dire flail
              (21 damage)
             ... on level 5 of the Dungeon.
             The game lasted 00:13:48 (4348 turns).

Conn the Sneak (Octopode Fire Elementalist)         Turns: 4348, Time: 00:13:52

HP:   -7/47 (48)    AC:  1    Str:  6 (7)  XL:     8   Next: 84%
MP:   1/15          EV: 13    Int: 16 (19) God:    Sif Muna [*.....]
Gold: 212           SH:  0    Dex: 12 (13) Spells: 0/16 levels left

rFire   + + .      SeeInvis .    l - +2 dagger (venom)
rCold   x . .      Faith    .    (no shield)
rNeg    . . .      Spirit   .    (helmet restricted)
rPois   +          Reflect  .    (no amulet)
rElec   .          Harm     .    t - ring of protection from fire
rCorr   .          Rampage  .    v - ring of poison resistance
Will    .....                    C - ring of fire
Stlth   ++++......               (no ring)
HPRegen 0.27/turn                (no ring)
MPRegen 0.14/turn                (no ring)
                                 (no ring)
                                 (no ring)

@: lightly drained
A: almost no armour, amphibious, 8 rings, camouflage 1, gelatinous body 1,
(nimble swimmer 1), tentacles
a: Renounce Religion, Channel Magic


You were on level 5 of the Dungeon.
You worshipped Sif Muna.
Sif Muna was aware of your devotion.
You visited 2 branches of the dungeon, and saw 6 of its levels.

You collected 257 gold pieces.
You spent 45 gold pieces at shops.

Inventory:

Hand Weapons
 b - a +2 great sword of holy wrath
 c - a +0 dagger
 f - a +1 short sword of venom
 l - a +2 dagger of venom (weapon)
Missiles
 d - 4 poisoned darts
Magical Staves
 x - a staff of poison
Jewellery
 n - a ring of ice
 t - a ring of protection from fire (left tentacle)
 v - a ring of poison resistance (right tentacle)
 C - a ring of fire (on tentacle)
Wands
 r - a wand of roots (15)
 u - a wand of flame (32)
Scrolls
 e - 2 scrolls of enchant armour {unknown}
 g - 3 scrolls of teleportation
 h - a scroll of silence {unknown}
 o - a scroll of vulnerability {unknown}
 p - 4 scrolls of identify {unknown}
 y - a scroll of poison {unknown}
 A - a scroll of noise {unknown}
 E - 2 scrolls of enchant weapon {unknown}
Potions
 a - a potion of magic
 i - a potion of lignification {unknown}
 j - 6 potions of curing
 k - 2 potions of brilliance {unknown}
 m - 2 potions of degeneration
 q - 2 potions of heal wounds
 s - a potion of flight {unknown}
 w - a potion of mutation {unknown}
 z - a potion of might
 B - a potion of invisibility {unknown}
 D - a potion of resistance


   Skills:
 + Level 1.3 Fighting
 + Level 2.0(2.1) Short Blades
 + Level 0.4(1.3) Long Blades
 + Level 3.1 Dodging
 + Level 6.5 Stealth
 + Level 4.8 Spellcasting
 + Level 5.0 Conjurations
 * Level 0.7 Hexes
 * Level 0.6 Summonings
 + Level 6.0 Fire Magic
 + Level 0.4 Evocations


You couldn't memorise any spells.
You knew the following spells:

 Your Spells              Type           Power      Damage    Failure   Level
a - Foxfire               Conj/Fire      100%       2x1d9     1%          1
b - Kindle Blastsparks    Fire/Tloc/Air  30%        2d12      21%         3
c - Inner Flame           Hex/Fire       22%        N/A       12%         3
d - Flame Wave            Conj/Fire      32%        2d9       16%         4
e - Scorch                Fire           70%        2d8       1%          2
f - Summon Guardian Gole  Hex/Summ       6%         N/A       34%         3

Your spell library contained the following spells:

 Spells                   Type           Power      Damage    Failure   Level
 Cigotuvi's Dreadful Rot  Necr/Pois/Air  6%         N/A       24%         2
 Fireball                 Conj/Fire      16%        3d8       41%         5
 Iskenderun's Battlesphe  Conj           20%        2d7       47%         5
 Dispel Undead            Necr           3%         3d7       83%         4
 Conjure Ball Lightning   Conj/Air       6%         3x3d6     100%        6
 Death Channel            Necr           1%         N/A       100%        6
 Orb of Destruction       Conj           10%        9d6       100%        7
 Spellforged Servitor     Conj/Summ      6%         N/A       100%        7


Dungeon Overview and Level Annotations

Branches:
Dungeon (5/15)             Temple (1/1) D:4

Altars:
Ashenzari
Cheibriados
Elyvilon
Fedhas
Hepliaklqana
Nemelex Xobeh
Okawaru
Qazlal
Sif Muna
Uskayaw
Vehumet
Wu Jian
Xom
Yredelemnul

Shops:
D:2 *

Annotations:
Temple 2 transporters


Innate Abilities, Weirdness & Mutations

You cannot wear most types of armour.
You are amphibious.
You can wear up to eight rings at the same time.
Your skin changes colour to match your surroundings (Stealth+).
Your rubbery body absorbs attacks. (AC +1, EV +1)
((You are camouflaged when in or above water. (Stealth+)))
You have tentacles for arms and can constrict up to eight enemies at once.


Message History

(Press . to intensify the flame waves.) Duvessa hits you with a +0 short sword!
A wave of flame ripples out!
The flame wave engulfs Duvessa!
Duvessa is burned terribly!
You kill Duvessa!
Sif Muna accepts your kill.
The flame wave engulfs the bullfrog zombie!
The bullfrog zombie is heavily damaged.
You feel your dexterity returning.
Your Conjurations skill increases to level 5!
Your Fire Magic skill increases to level 6!
A wave of flame ripples out!
The flame wave engulfs the bullfrog zombie!
The bullfrog zombie is almost destroyed.
The flame wave engulfs the wight!
The wight is heavily damaged.
You finish channelling waves of flame.
You hear a shout!
The bullfrog zombie barely misses you.
There is a stone staircase leading up here.
Casting: Flame Wave (quite dangerous; 16% risk of failure)
Confirm with . or Enter, or press ? or * to list all spells.
You feel a surge of power!
You conjure some foxfire!
The bullfrog zombie closely misses you. The bullfrog zombie hits you.
You closely miss the wight. Your grab misses the wight.
The wight is heavily damaged.
The foxfire hits the bullfrog zombie.
The bullfrog zombie is almost destroyed.
The foxfire hits the bullfrog zombie!
You destroy the bullfrog zombie!
Sif Muna accepts your kill.
The wight hits you with a +3 dire flail!
You feel drained.
Aiming: Fastroot
Press: ? - help, Shift-Dir - straight line The roots erupt in riotous growth!
Roots grab the wight.
The grasping roots constrict the wight.
The wight hits you with a +3 dire flail!!
You die...

##......#...!....!..?...#
#8......#...............#
#'###......#...............#
...')......................#
#'###......................#
#8......##...........####
#####......##..?.)......#
..#.†...##.Z#....z.......
.##).#.####z##..@........
.##..#..§.#.##.§.........
.##....##.#.5#...........
###.#..# ##.####........
###.#..# .# ##.......
..#....# .# .......
#.#..#...# .# ##...#.
#.#..###.# .# ...# .....#
... [.


You could see a wight (rooted).

Vanquished Creatures
  Grinder (D:3)
  Sigmund (D:3)
  Eustachio (D:4)
  Duvessa (D:5)
  3 necrophages (D:5)
  2 scorpions
  2 wights (D:5)
  Dowan (D:5)
  A howler monkey (D:5)
  A bullfrog zombie (D:5)
  A jelly (D:4)
  Crazy Yiuf (D:2)
  A hound (D:5)
  An orc priest (D:4)
  An iguana (D:4)
  Natasha (thrice) (D:2)
  A gnoll (D:4)
  7 adders
  A white imp (D:5)
  An ufetubus (D:5)
  2 worms
  4 dart slugs
  4 orcs
  5 ball pythons
  10 endoplasms
  4 giant cockroaches
  15 goblins
  12 hobgoblins
  4 jackals (D:1)
  8 kobolds
  3 quokkas
  4 bats
  4 frilled lizards
  7 rats
118 creatures vanquished.

Vanquished Creatures (others)
  322 foxfires
  2 plants (D:2)
324 creatures vanquished.

Grand Total: 442 creatures vanquished

Notes
Turn   | Place    | Note
-------+----------+-------------------------------------------
     0 | D:1      | Conn the Octopode Fire Elementalist began the quest for the
                  | Orb.
     0 | D:1      | Reached XP level 1. HP: 11/11 MP: 3/3
   107 | D:1      | Reached XP level 2. HP: 5/17 MP: 1/5
   196 | D:1      | Found a faded altar of an unknown god.
   611 | D:1      | Reached XP level 3. HP: 21/21 MP: 6/6
  1194 | D:2      | Found a runed translucent door.
  1195 | D:2      | Noticed Crazy Yiuf
  1261 | D:2      | Reached XP level 4. HP: 11/27 MP: 3/7
  1426 | D:2      | Found Omemn's Assorted Antiques.
  1436 | D:2      | Bought 2 fizzy cyan potions for 45 gold pieces
  1443 | D:2      | Noticed Natasha
  1448 | D:2      | Killed Natasha
  1450 | D:2      | Killed Crazy Yiuf
  1451 | D:2      | Reached XP level 5. HP: 17/31 MP: 1/8
  1462 | D:2      | Noticed Natasha
  1469 | D:2      | Killed Natasha
  1640 | D:2      | Noticed Natasha
  1723 | D:2      | Killed Natasha
  1724 | D:2      | Reached skill level 5 in Stealth
  2104 | D:3      | Noticed Sigmund
  2108 | D:3      | Killed Sigmund
  2109 | D:3      | Reached skill level 1 in Short Blades
  2109 | D:3      | Reached XP level 6. HP: 32/37 MP: 8/10
  2351 | D:3      | Noticed Grinder
  2363 | D:3      | Killed Grinder
  2364 | D:3      | Reached skill level 1 in Fighting
  2364 | D:3      | Reached XP level 7. HP: 43/43 MP: 4/12
  2367 | D:3      | Learned a level 2 spell: Scorch
  2371 | D:3      | Learned a level 3 spell: Kindle Blastsparks
  2375 | D:3      | Learned a level 3 spell: Inner Flame
  2529 | D:3      | Found a blossoming altar of Fedhas.
  3270 | D:4      | Found a staircase to the Ecumenical Temple.
  3281 | Temple   | Entered the Ecumenical Temple
  3281 | Temple   | Found a transporter.
  3281 | Temple   | Found a transporter.
  3283 | Temple   | Found a transporter.
  3283 | Temple   | Found a transporter.
  3295 | Temple   | Became a worshipper of Sif Muna the Loreminder
  3353 | D:4      | Found a radiant altar of Vehumet.
  3460 | D:4      | Found a stormy altar of Qazlal.
  3492 | D:4      | Noticed Eustachio
  3499 | D:4      | Killed Eustachio
  3500 | D:4      | Reached skill level 5 in Fire Magic
  3500 | D:4      | Reached XP level 8. HP: 48/48 MP: 6/14
  4041 | D:5      | Entered Level 5 of the Dungeon
  4166 | D:5      | HP: 2/46 [wight/+2 morningstar (3)]
  4181 | D:5      | Reached * piety under Sif Muna
  4186 | D:5      | Noticed Dowan
  4193 | D:5      | Noticed Duvessa
  4195 | D:5      | Killed Dowan
  4306 | D:4      | Learned a level 4 spell: Flame Wave
  4310 | D:4      | Learned a level 3 spell: Summon Guardian Golem
  4343 | D:5      | Killed Duvessa
  4344 | D:5      | Reached skill level 5 in Conjurations
  4348 | D:5      | Mangled by a wight

Illustrated notes

Levels and vault maps discovered:
D:1:      scummos_arrival_simple_crosswalls, layout_loops_ring,
          shapermc_ecumenical_altar_gd, minmay_tripent
D:2:      cheibrodos_greedy_goblins, layout_rooms, serial_shops,
          nicolae_shop_overgrown_old_shop, minmay_misc_feat_doors,
          uniq_crazy_yiuf_cottage, uniq_natasha
D:3:      layout_loops_ring, fedhas_altar_2, minmay_three_crescents,
          uniq_sigmund, uniq_grinder
D:4:      minmay_general_purpose_star, layout_cave_pools, vehumet_altar_wand_db,
          mainiacjoe_overflow_tiny_flanked, minmay_temple_entry_mini_moons,
          uniq_eustachio
D:5:      layout_rooms, lemuel_mausoleum_altar_kikubaaqudgha,
          gup_sewer_entry_pipe, corexii_checkpoint_a, uniq_duvessa
Temple:   hellmonk_temple_divided_pantheon

Skill      XL: |  1  2  3  4  5  6  7  8 |
---------------+-------------------------+-----
Stealth        | 3 4 5 6 |  6.5
Fire Magic     | 4 5 6 |  6.0
Conjurations   | 2 3 5 |  5.0
Short Blades   | 1 2 |  2.0
Fighting       | 1 |  1.3
Dodging        | 3 |  3.1
Spellcasting   | 3 4 |  4.8
Long Blades    | |  0.4
Hexes          | |  0.7
Summonings     | |  0.6
Evocations     | |  0.4

Action                   |  1- 3 |  4- 6 |  7- 9 || total
-------------------------+-------+-------+-------++-------
Melee: Dagger            |     5 |    22 |    29 ||    56
       Constrict         |     7 |     4 |     9 ||    20
       Great sword       |     4 |       |       ||     4
       Short sword       |    13 |     1 |       ||    14
       Tentacles         |     2 |     2 |     8 ||    12
 Cast: Foxfire           |    32 |    49 |   107 ||   188
       Scorch            |       |       |     5 ||     5
       Flame Wave        |       |       |     1 ||     1
Evoke: Wand              |       |     2 |     3 ||     5
  Use: Potion            |     1 |       |     3 ||     4
       Scroll            |       |     1 |     1 ||     2
 Stab: Sleeping          |     7 |     4 |     4 ||    15
Armor: Skin              |     2 |       |     2 ||     4
Dodge: Dodged            |    22 |    16 |    22 ||    60

Table legend: (Time is in decaauts)
 A = Elapsed time spent in this place.
 B = Non-inter-level travel time spent in this place.
 C = Inter-level travel time spent in this place.
 D = Time resting spent in this place.
 E = Time spent auto-exploring this place.
 F = Levels seen in this place.
 G = Mean time per level.
                   A        B        C        D        E       F      G
               +--------+--------+--------+--------+--------+-----+--------+
         Total |   4344 |   4286 |     58 |    206 |   2655 |   6 |  724.0 |
       Dungeon |   4316 |   4258 |     58 |    206 |   2655 |   5 |  863.2 |
        Temple |     27 |     27 |      0 |      0 |      0 |   1 |   27.0 |
               +--------+--------+--------+--------+--------+-----+--------+

Top non-repeatable levels by time:
     D:4: 1248 daAuts
     D:1: 1077 daAuts
     D:2: 916 daAuts
     D:3: 903 daAuts
     D:5: 170 daAuts
  Temple: 27 daAuts
